 Dungeon Crawl Stone Soup version 0.19.1 (webtiles) character file.

380 omegacute the Cleaver (level 6, -5/51 HPs)
             Began as a Minotaur Berserker on Dec 6, 2016.
             Was a Believer of Trog.
             Slain by TheWoodenMan's ghost (11 damage)
             ... on level 4 of the Dungeon.
             The game lasted 00:06:14 (2698 turns).

omegacute the Cleaver (Minotaur Berserker)          Turns: 2698, Time: 00:06:14

Health: -5/51      AC:  3    Str: 24    XL:     6   Next: 46%
Magic:  5/5        EV: 17    Int:  4    God:    Trog [**....]
Gold:   136        SH:  0    Dex:  9    Spells: 0 memorised, 5 levels left

rFire  + . .     SeeInvis .     a - +0 hand axe
rCold  . . .     Gourm    .     n - +0 leather armour
rNeg   . . .     Faith    .     (no shield)
rPois  .         Spirit   .     (helmet restricted)
rElec  .         Reflect  .     (no cloak)
rCorr  .         Harm     .     (no gloves)
MR     .....                    (no boots)
Stlth  +.........               (no amulet)
                                u - ring of protection from fire
                                m - +5 ring of evasion

@: exhausted, slowed, very slow
A: retaliatory headbutt, horns 2
a: Berserk, Trog's Hand, Burn Spellbooks, Renounce Religion


You were on level 4 of the Dungeon.
You worshipped Trog.
Trog was pleased with you.
You were very hungry.

You visited 1 branch of the dungeon, and saw 4 of its levels.

You collected 136 gold pieces.

Inventory:

Hand Weapons
 a - a +0 hand axe (weapon)
Armour
 n - a +0 leather armour (worn)
Jewellery
 m - a +5 ring of evasion (left hand)
 u - a ring of protection from fire (right hand)
Scrolls
 e - 2 scrolls of remove curse {unknown}
 o - a scroll of teleportation {unknown}
 p - a scroll of magic mapping {unknown}
 r - 2 scrolls of identify {unknown}
 t - a scroll of recharging {unknown}
 y - a scroll of enchant weapon {unknown}
Potions
 b - a potion of brilliance {unknown}
 d - 3 potions of might {unknown}
 f - a potion of agility {unknown}
 i - 4 potions of degeneration {unknown}
 j - a potion of berserk rage {unknown}
 l - 2 potions of curing {unknown}
 q - a potion of cancellation {unknown}
 s - a potion of invisibility {unknown}
 v - a potion of heal wounds {unknown}
 w - 2 potions of ambrosia {unknown}
 x - a potion of magic {unknown}
Comestibles
 c - 3 bread rations
 g - 2 meat rations
 h - 2 chunks of flesh
 k - a beef jerky
 z - 2 fruits


   Skills:
 - Level 3.6 Fighting
 + Level 8.9 Axes
 - Level 2.4 Armour
 - Level 2.1 Dodging


You had 5 spell levels left.
You didn't know any spells.

Dungeon Overview and Level Annotations

Branches:
Dungeon (4/15)
 Temple: D:4-7

Altars:

Annotations:
D:4 TheWoodenMan's ghost, amateur MiBe


Innate Abilities, Weirdness & Mutations

You reflexively headbutt those who attack you in melee.
You have a pair of horns on your head.


Message History

TheWoodenMan's ghost closely misses you.
TheWoodenMan's ghost closely misses you.
Things that are here:
a dagger; a robe; an orc corpse You butcher the orc corpse.
TheWoodenMan's ghost closely misses you.
TheWoodenMan's ghost hits you.
* * * LOW HITPOINT WARNING * * *
Items here: % ) [ รท a dagger; a robe; 2 chunks of flesh; an orc skeleton You take 5 damage, and have 20/51 hp.
You hit TheWoodenMan's ghost.
TheWoodenMan's ghost is moderately damaged.
TheWoodenMan's ghost hits you!
* * * LOW HITPOINT WARNING * * *
You take 15 damage, and have 5/51 hp.
MASSIVE DAMAGE!!
You slash TheWoodenMan's ghost!
TheWoodenMan's ghost is heavily damaged.
TheWoodenMan's ghost hits you!
You die...

### #..
##.##### ...
..# #.# #(#
#.#####.###.#
#.....<..W@)#
##...##.##.##
#.......).)#
#....#.##..#
....W.#.#...#
###...
....#.# #...
#...... #..
........
........#.


You could see TheWoodenMan's ghost.

Vanquished Creatures
  4 orc priests
  Jessica (D:3)
  Natasha (thrice) (D:3)
  Ijyb (D:3)
  2 orc wizards (D:4)
  3 adders
  An ooze (D:3)
  2 dart slugs (D:1)
  3 orcs
  3 giant cockroaches
  4 goblins
  A hobgoblin (D:1)
  2 jackals (D:1)
  12 bats
  4 frilled lizards
  7 kobolds
  7 rats
60 creatures vanquished.

Notes
Turn   | Place    | Note
-------+----------+-------------------------------------------
     0 | D:1      | omegacute the Minotaur Berserker began the quest for the Orb.
     0 | D:1      | Reached XP level 1. HP: 19/19 MP: 0/0
   164 | D:1      | Reached skill level 4 in Axes
   319 | D:1      | Reached XP level 2. HP: 26/26 MP: 1/1
  1045 | D:2      | Reached skill level 5 in Axes
  1120 | D:2      | Reached XP level 3. HP: 18/31 MP: 2/2
  1672 | D:3      | Reached skill level 6 in Axes
  1672 | D:3      | Reached XP level 4. HP: 39/39 MP: 3/3
  1678 | D:3      | Reached ** piety under Trog
  1678 | D:3      | Reached skill level 7 in Axes
  1678 | D:3      | Reached XP level 5. HP: 45/45 MP: 4/4
  2063 | D:3      | Noticed Ijyb
  2069 | D:3      | Killed Ijyb
  2375 | D:3      | Noticed Jessica
  2375 | D:3      | Noticed Natasha
  2397 | D:3      | Killed Natasha
  2400 | D:3      | Killed Jessica
  2400 | D:3      | Reached skill level 8 in Axes
  2579 | D:3      | Noticed Natasha
  2586 | D:3      | Killed Natasha
  2586 | D:3      | Reached XP level 6. HP: 50/51 MP: 5/5
  2648 | D:3      | Noticed Natasha
  2652 | D:3      | Killed Natasha
  2680 | D:4      | Noticed TheWoodenMan's ghost (amateur MiBe)
  2698 | D:4      | Slain by TheWoodenMan's ghost

Skill      XL: |  1  2  3  4  5 |
---------------+----------------+-----
Axes           | 4 5 6 7 8 |  8.9
Fighting       | |  3.6
Armour         | |  2.4
Dodging        | |  2.1

Action                   |  1- 3 |  4- 6 || total
-------------------------+-------+-------++-------
Melee: Hand axe          |    74 |    71 ||   145
       Headbutt          |     7 |     9 ||    16
Invok: Berserk           |     1 |     2 ||     3
  Eat: Chunk             |     2 |     4 ||     6
       Beef jerky        |       |     1 ||     1
Armor: Animal skin       |    12 |       ||    12
       Leather armour    |    10 |     9 ||    19
Dodge: Dodged            |    53 |    50 ||   103
